 Dungeon Crawl Stone Soup version 0.30.0-5-g1a98f26d00 (webtiles) character file.

Game seed: 10844078629273715933

998 EnegeticOcto the Magician (level 8, -10/67 HPs)
             Began as a Meteoran Earth Elementalist on May 11, 2023.
             Killed from afar by an acid dragon (24 damage)
             ... with a splash of acid
             ... on level 7 of the Dungeon.
             The game lasted 00:07:12 (671 turns).

EnegeticOcto the Magician (MeEE)                     Turns: 671, Time: 00:07:13

Health: -10/67     AC:  6    Str: 11    XL:     8   Next: 70%
Magic:  7/20       EV: 17    Int: 18    God:
Gold:   33         SH:  0    Dex: 14    Spells: 16/22 levels left

rFire   . . .        d - +0 war axe
rCold   . . .        (no shield)
rNeg    . . .        a - +0 robe
rPois   .            k - +2 helmet
rElec   .            (no cloak)
rCorr   .            (no gloves)
SInv    .            g - +0 pair of boots
Will    +....        (no amulet)
Stlth   +            c - +5 ring of evasion
HPRegen 0.31/turn    l - +4 ring of slaying
MPRegen 0.17/turn

%: no passive effects
@: glowing
A: sense surroundings 1, otherworldly, glowing, explore regen
a: no special abilities


You were on level 7 of the Dungeon.
You visited 1 branch of the dungeon, and saw 7 of its levels.

You collected 93 gold pieces.
You spent 60 gold pieces at shops.

Inventory:

Hand Weapons
 d - a +0 war axe (weapon)
   (You found it on level 1 of the Dungeon)
Armour
 a - a +0 robe (worn)
 g - a +0 pair of boots (worn)
   (You found it on level 2 of the Dungeon)
 k - a +2 helmet (worn)
   (You found it on level 5 of the Dungeon)
Jewellery
 c - a +5 ring of evasion (left hand)
   (You found it on level 1 of the Dungeon)
 l - a +4 ring of slaying (right hand)
   (You found it on level 5 of the Dungeon)
 m - a ring of protection from fire
   (You found it on level 5 of the Dungeon)
Wands
 h - a wand of polymorph (4)
   (You took it off Sigmund on level 2 of the Dungeon)
 p - a wand of mindburst (23)
   (You found it on level 7 of the Dungeon)
Scrolls
 e - a scroll of identify {unknown}
 f - a scroll of poison {unknown}
 i - a scroll of enchant weapon {unknown}
Potions
 b - a potion of magic
 j - a potion of curing {@q1 !q}
 n - a potion of brilliance
 o - a potion of degeneration {unknown}


   Skills:
 + Level 4.8 Fighting
 - Level 2.4 Dodging
 - Level 1.4 Stealth
 + Level 7.6 Spellcasting
 - Level 4.0 Conjurations
 - Level 1.2 Transmutations
 + Level 5.8 Earth Magic


You had 16 spell levels left.
You knew the following spells:

 Your Spells              Type           Power      Damage    Failure   Level
a - Sandblast             Erth           56%        2d13      1%          1
b - Stone Arrow           Conj/Erth      48%        3d10      4%          3
p - Passwall              Tmut/Erth      15%        N/A       3%          2

Your spell library contained the following spells:

 Spells                   Type           Power      Damage    Failure   Level
 Magic Dart               Conj           84%        1d7       1%          1
 Call Imp                 Summ           12%        N/A       16%         2
 Mephitic Cloud           Conj/Pois/Air  11%        N/A       19%         3
 Petrify                  Tmut/Erth      19%        N/A       24%         4


Dungeon Overview and Level Annotations

Branches:
Dungeon (7/15) Zot: 3495
 Temple: D:4-7

Altars:

Shops:
D:2 ((   D:6 !


Innate Abilities, Weirdness & Mutations

You passively map a small area around you.
You are easily found by Zot.
You glow in the dark.
You regain HP and MP as you explore.


Message History

A gnoll comes into view. It is wielding a +0 flail.
You barely miss the bullfrog. The bullfrog misses you.
The bullfrog closely misses you.
You slash the bullfrog!
The bullfrog is heavily wounded.
The bullfrog closely misses you. x3
You barely miss the bullfrog.
The bullfrog is heavily wounded.
The bullfrog swells and bulges.
The bullfrog barely misses you. The bullfrog closely misses you.
You slash the bullfrog!
You kill the bullfrog!
The white imp barely misses you.
You slash the white imp!
You kill the white imp!
A gnoll bouda comes into view. It is wielding a +0 club.
An acid dragon comes into view.
Casting: Sandblast (safe; 1% risk of failure)
Confirm with . or Enter, or press ? or * to list all spells.
Aiming: Sandblast (safe; 1% risk of failure)
Press: ? - help, Shift-Dir - straight line, f - gnoll
Aim: a gnoll, wielding a +0 flail (85% to hit)
The blast of sand misses the gnoll.
The acid dragon roars!
The gnoll closely misses you.
The gnoll bouda barks out a call to the hunt!
The gnoll picks up the pace!
A gnoll comes into view. It is wielding a +0 spear.
The gnoll bouda gazes fiercely through you!
You feel your attacks grow feeble.
A gnoll comes into view. It is wielding a +0 whip.
The gnoll hits you with a +0 flail!
The gnoll shouts!
You hit the gnoll.
The gnoll is moderately wounded.
The gnoll hits you with a +0 flail!
You barely miss the gnoll.
The gnoll is moderately wounded.
The gnoll hits you with a +0 flail!
The gnoll bouda gazes fiercely through you!
You feel as though you will be weak longer.
A gnoll comes into view. It is wielding a +0 whip.
The gnoll hits you with a +0 flail.
You hit the gnoll.
The gnoll is heavily wounded.
A gnoll comes into view. It is wielding a +0 club.
The gnoll hits you with a +0 flail.
Okay, then.
Casting: Sandblast (safe; 1% risk of failure)
Confirm with . or Enter, or press ? or * to list all spells.
Aiming: Sandblast (safe; 1% risk of failure)
Press: ? - help, Shift-Dir - straight line, f/p - gnoll
Aim: a gnoll, wielding a +0 flail (heavily wounded, covering ground quickly, 85% to hit)
The blast of sand misses the gnoll.
The gnoll barely misses you. The gnoll hits you with a +0 flail.
You slash the gnoll!
You kill the gnoll!
Casting: Sandblast (safe; 1% risk of failure)
Confirm with . or Enter, or press ? or * to list all spells.
Aiming: Stone Arrow (dangerous; 4% risk of failure)
Press: ? - help, Shift-Dir - straight line, f - acid dragon
Aim: an acid dragon (71% to hit)
The stone arrow misses the acid dragon.
The stone arrow misses the gnoll.
The stone arrow misses the gnoll bouda.
The stone arrow hits the gnoll!
The gnoll is severely wounded.
The acid dragon closely misses you. The acid dragon claws you.
Casting: Stone Arrow (dangerous; 4% risk of failure)
Confirm with . or Enter, or press ? or * to list all spells.
Aiming: Stone Arrow (dangerous; 4% risk of failure)
Press: ? - help, Shift-Dir - straight line, f/p - acid dragon
Aim: an acid dragon (71% to hit)
The stone arrow hits the acid dragon!
The acid dragon is heavily wounded.
The acid dragon closely misses you. The acid dragon misses you.
Casting: Stone Arrow (dangerous; 4% risk of failure)
Confirm with . or Enter, or press ? or * to list all spells.
Aiming: Stone Arrow (dangerous; 4% risk of failure)
Press: ? - help, Shift-Dir - straight line, f/p - acid dragon
Aim: an acid dragon (heavily wounded, 71% to hit)
The stone arrow hits the acid dragon.
The acid dragon is severely wounded.
Your attacks no longer feel as feeble.
The acid dragon bites you but does no damage.
The acid dragon misses you.
Casting: Stone Arrow (dangerous; 4% risk of failure)
Confirm with . or Enter, or press ? or * to list all spells.
Aiming: Sandblast (safe; 1% risk of failure)
Press: ? - help, Shift-Dir - straight line, f/p - acid dragon
Aim: an acid dragon (severely wounded, 83% to hit)
The blast of sand hits the acid dragon!
The acid dragon is almost dead.
The gnoll is no longer moving quickly.
The acid dragon bites you!
* * * LOW HITPOINT WARNING * * *
The acid dragon claws you.
* * * LOW HITPOINT WARNING * * *
The gnoll bouda barks out a call to the hunt!
The gnoll picks up the pace!
The acid dragon spits acid at you. The splash of acid hits you!!
You die...

, , , ,, * * * * , ,,, ,
** ** * * #########* *,
,, #........ ,,
########.############ ,
,.....................
.##########.#####.#.####
...gggD@....# #.#.#
##..g######## * #.#.# *
* #. , ..#.# * , , * *
###.# , , #.# , , ,,
###.# , #...# , * #.###
*, #.#


You could see an acid dragon (catching breath), a gnoll bouda and 3 gnolls.

Vanquished Creatures
  Sigmund (D:2)
  2 steam dragons (D:7)
  A sky beast (D:4)
  A centaur (D:7)
  A bullfrog (D:7)
  2 scorpions
  3 jellies
  2 sleepcaps
  Natasha (D:2)
  An orc wizard (D:7)
  A gnoll (D:7)
  A white imp (D:7)
  2 worms
  A dart slug (D:2)
  3 orcs
  2 endoplasms (D:1)
  A goblin (D:1)
  A hobgoblin (D:2)
  A quokka (D:2)
  A ball python (D:4)
  A bat (D:2)
  2 frilled lizards
  2 kobolds
  2 rats
36 creatures vanquished.

Notes
Turn   | Place    | Note
-------+----------+-------------------------------------------
     0 | D:1      | EnegeticOcto the Meteoran Earth Elementalist began the
                  | quest for the Orb.
     0 | D:1      | Reached XP level 1. HP: 14/14 MP: 5/5
    46 | D:1      | Reached skill level 3 in Spellcasting
    46 | D:1      | Reached XP level 2. HP: 20/20 MP: 5/7
    81 | D:2      | Reached skill level 4 in Earth Magic
    85 | D:2      | Found Zykyracupn's Antique Weapon Shop.
   103 | D:2      | Found Zuhoh's Antique Weapon Shop.
   103 | D:2      | Noticed Natasha
   108 | D:2      | Killed Natasha
   109 | D:2      | Reached XP level 3. HP: 7/26 MP: 2/9
   123 | D:2      | Reached XP level 4. HP: 22/33 MP: 0/10
   137 | D:2      | Learned a level 3 spell: Stone Arrow
   140 | D:2      | Learned a level 2 spell: Passwall
   157 | D:2      | Noticed Sigmund
   194 | D:2      | Killed Sigmund
   195 | D:2      | Reached skill level 5 in Spellcasting
   195 | D:2      | Reached skill level 2 in Conjurations
   195 | D:2      | Reached skill level 5 in Earth Magic
   195 | D:2      | Reached XP level 5. HP: 38/38 MP: 7/13
   195 | D:2      | Reached XP level 6. HP: 45/45 MP: 7/14
   257 | D:2      | You fall into a shaft and drop 1 floor!
   338 | D:4      | Reached skill level 3 in Conjurations
   385 | D:4      | Noticed a sky beast
   391 | D:4      | Killed a sky beast
   392 | D:4      | Reached XP level 7. HP: 30/50 MP: 6/16
   427 | D:5      | Entered Level 5 of the Dungeon
   430 | D:5      | Reached skill level 6 in Spellcasting
   430 | D:5      | Reached skill level 4 in Conjurations
   483 | D:6      | Found Imnoecoj's Distillery.
   486 | D:6      | Bought a potion of brilliance for 60 gold pieces
   531 | D:6      | Reached skill level 7 in Spellcasting
   531 | D:6      | Reached skill level 1 in Fighting
   560 | D:7      | Reached skill level 2 in Fighting
   570 | D:7      | Reached skill level 3 in Fighting
   585 | D:7      | Noticed a steam dragon
   591 | D:7      | Reached XP level 8. HP: 34/66 MP: 11/19
   596 | D:7      | Killed a steam dragon
   597 | D:7      | Reached skill level 4 in Fighting
   642 | D:7      | Noticed a steam dragon
   651 | D:7      | Killed a steam dragon
   671 | D:7      | Killed from afar by an acid dragon

Illustrated notes

Levels and vault maps discovered:
D:1:      minmay_arrival_loop, layout_rooms, serial_shops,
          nicolae_shop_hallway_stairs
D:2:      layout_rooms, serial_shops, nicolae_shop_tiny_statue_garden, shop,
          nicolae_diamond_shop, nicolae_shop_stone, shop,
          kennysheep_generic_room_15, uniq_natasha, uniq_sigmund
D:3:      layout_loops_ring, kennysheep_pointless_box
D:4:      layout_gridville, uniq_eustachio
D:5:      minmay_bubble_buster, layout_basic, grunt_ministairs_1
D:6:      layout_basic, temple_hall, nicolae_stop_n_shop_1, minivault_25,
          uniq_duvessa
D:7:      layout_basic, nicolae_gozag_zags_fifth_avenue,
          nicolae_overflow_hidden_temple, chequers_serial_rivers_room_b,
          eino_small_chamber_without_monster, nrook_uturn, nicolae_benzene_ring

Skill      XL: |  1  2  3  4  5  6  7  8 |
---------------+-------------------------+-----
Spellcasting   | 3 5 7 |  7.6
Earth Magic    | 4 5 |  5.8
Conjurations   | 2 3 4 |  4.0
Fighting       | 3 4 |  4.8
Dodging        | |  2.4
Stealth        | |  1.4
Transmutations | |  1.2

Action                     |  1- 3 |  4- 6 |  7- 9 || total
---------------------------+-------+-------+-------++-------
  Melee: War axe           |       |     1 |    12 ||    13
   Cast: Sandblast         |    17 |    19 |    32 ||    68
         Passwall          |       |     3 |     5 ||     8
         Stone Arrow       |       |     1 |    14 ||    15
 Armour: Robe              |     2 |     2 |     2 ||     6
  Dodge: Dodged            |     4 |     7 |    41 ||    52
